 Dungeon Crawl Stone Soup version 0.27-a0-760-gc38aae387d (webtiles) character file.

Game seed: 5229360464837244399

60 polve the Skirmisher (level 3, -1/29 HPs)
             Began as a Demonspawn Abyssal Knight on Mar 25, 2021.
             Was a Believer of Lugonu.
             Shot with a stone by a goblin (6 damage)
             ... led by Robin
             ... on level 2 of the Dungeon.
             The game lasted 00:01:40 (1967 turns).

polve the Skirmisher (Demonspawn Abyssal Knight)    Turns: 1967, Time: 00:01:41

Health: -1/29      AC:  3    Str: 12    XL:     3   Next: 82%
Magic:  4/4        EV: 11    Int: 14    God:    Lugonu [**....]
Gold:   68         SH:  0    Dex: 12    Spells: 2/2 levels left

rFire    . . .     SeeInvis .   a - +1 falchion
rCold    . . .     Faith    .   (no shield)
rNeg     . . .     Spirit   .   b - +0 leather armour
rPois    .         Reflect  .   (helmet restricted)
rElec    .         Harm     .   (no cloak)
rCorr    .         Rampage  .   (no gloves)
Will     +....                  (no boots)
Stlth    +.........             (no amulet)
HPRegen  0.09/turn              f - ring of willpower
MPRegen  0.09/turn              (no ring)

@: no status effects
A: horns 1
a: Renounce Religion, Depart the Abyss, Bend Space


You were on level 2 of the Dungeon.
You worshipped Lugonu.
Lugonu was pleased with you.
You visited 1 branch of the dungeon, and saw 2 of its levels.
You visited the Abyss 1 time.

You collected 68 gold pieces.

Inventory:

Hand Weapons
 a - a +1 falchion (weapon)
Armour
 b - a +0 leather armour (worn)
Jewellery
 f - a ring of willpower (right hand)
Scrolls
 c - a scroll of magic mapping {unknown}
 d - a scroll of immolation {unknown}
 i - a scroll of teleportation {unknown}
Potions
 e - 2 potions of might {unknown}
 g - 4 potions of curing
 h - a potion of degeneration {unknown}


   Skills:
 - Level 3.0 Fighting
 - Level 2.5 Long Blades
 - Level 1.7 Armour
 - Level 0.8 Dodging
 + Level 2.6 Unarmed Combat
 - Level 2.4 Invocations


You had 2 spell levels left.
You didn't know any spells.
Your spell library was empty.

Dungeon Overview and Level Annotations

Branches:
Dungeon (2/15)

Altars:

Shops:
D:1 [

Annotations:
D:2 Robin


Innate Abilities, Weirdness & Mutations

You have a pair of small horns on your head.


Message History

You hit the quokka but do no damage.
The quokka is severely wounded.
The quokka closely misses you.
You hit the quokka.
You kill the quokka!
Lugonu accepts your kill.
A bat comes into view.
A bat is nearby!
A goblin comes into view. It is wielding a +0 club.
A rat and a goblin come into view.
The goblin shouts!
You hear a shout!
The bat hits you but does no damage.
A goblin comes into view. It is wielding a +0 club.
You hear a shout!
A goblin and Robin come into view.
Robin shouts!
The goblin shouts!
You hear a shout! x2
The bat barely misses you. The goblin closely misses you.
A goblin comes into view. It is wielding a +0 club.
You closely miss the goblin. The bat hits you but does no damage. x2
The goblin barely misses you.
You riposte.
You barely miss the goblin.
A goblin comes into view. It is wielding a +0 dagger.
You barely miss the goblin.
The goblin shouts!
The bat closely misses you.
The goblin closely misses you. x2; You riposte.
You barely miss the goblin.
A goblin comes into view. It is wielding a +0 dagger.
Robin roars a battlecry!
The goblins go into a battle-frenzy!
You hear a shout! x3
The goblin shouts!
You hit the goblin.
You kill the goblin!
Lugonu accepts your kill.
You hear a shout!
The bat hits you. The goblin hits you with a +0 club.
* * * LOW HITPOINT WARNING * * *
The goblin unwields a +0 club.
The goblin wields a +0 hunting sling.
The goblin shoots a stone.
The stone hits you.
You die...

##### ####
##...##...##
##...........
#g.####.........<..
...ggg)@b..........
....grg...††.......
#..#####...........
# ##.†.##>..## .
###.# #### ..#
###..#
(..####....###
.#...........###
.................


You could see Robin, 5 goblins, a bat and a rat.

Vanquished Creatures
  A worm (D:2)
  3 dart slugs (D:1)
  6 bats
  2 endoplasms
  2 giant cockroaches (D:1)
  4 goblins
  4 hobgoblins (D:1)
  9 jackals (D:1)
  2 quokkas
  4 ball pythons
  4 frilled lizards
  A kobold (D:1)
  5 rats
47 creatures vanquished.

Notes
Turn   | Place    | Note
-------+----------+-------------------------------------------
     0 | Abyss:1  | polve the Demonspawn Abyssal Knight began the quest for the
                  | Orb.
     0 | Abyss:1  | Reached XP level 1. HP: 18/18 MP: 2/2
    55 | Abyss:1  | Noticed a large abomination
   233 | Abyss:1  | Noticed a wight
   233 | Abyss:1  | Noticed a wight
   237 | Abyss:1  | Noticed a wight
   238 | Abyss:1  | Noticed a wight
   239 | D:1      | Escaped the Abyss
   593 | D:1      | Found Noag Mum's Armour Emporium.
   599 | D:1      | Gained mutation: You have a pair of small horns on your
                  | head. [demonic ancestry]
   599 | D:1      | Reached XP level 2. HP: 22/24 MP: 3/3
   789 | D:1      | Reached skill level 1 in Unarmed Combat
   798 | D:1      | Reached * piety under Lugonu
  1096 | D:1      | Reached XP level 3. HP: 23/29 MP: 4/4
  1885 | D:2      | Reached ** piety under Lugonu
  1963 | D:2      | Noticed Robin
  1967 | D:2      | Shot with a stone by a goblin

Illustrated notes

Levels and vault maps discovered:
D:1:      minmay_arrival_split_and_join, layout_basic, serial_shops,
          nicolae_shop_temple_entry_statues_fountains, minmay_misc_feat_encased,
          hangedman_feature_mirror, dk_noncrumbling_2, minmay_circled_x
D:2:      layout_rooms, general_overflow_altar, minmay_pentomino_v2,
          uniq_crazy_yiuf_cottage, uniq_terence, uniq_robin

Skill      XL: |  1  2  3 |
---------------+----------+-----
Long Blades    | 2 |  2.5
Unarmed Combat | 1 2 |  2.6
Fighting       | |  3.0
Armour         | |  1.7
Dodging        | |  0.8
Invocations    | |  2.4

Action                   || total
-------------------------++-------
Melee: Falchion          ||   103
       Headbutt          ||    15
       Punch             ||     2
Invok: Depart the Abyss  ||     1
  Use: Potion            ||     1
 Stab: Sleeping          ||     3
Armor: Leather armour    ||    40
Dodge: Dodged            ||    99
       Rpst.: Falchion   ||    34

Table legend: (Time is in decaauts)
 A = Elapsed time spent in this place.
 B = Non-inter-level travel time spent in this place.
 C = Inter-level travel time spent in this place.
 D = Time resting spent in this place.
 E = Time spent auto-exploring this place.
 F = Levels seen in this place.
 G = Mean time per level.
                   A        B        C        D        E       F      G
               +--------+--------+--------+--------+--------+-----+--------+
         Total |   1984 |   1951 |     33 |      0 |   1698 |   3 |  661.3 |
       Dungeon |   1745 |   1712 |     33 |      0 |   1476 |   2 |  872.5 |
         Abyss |    239 |    239 |      0 |      0 |    222 |   1 |  239.0 |
               +--------+--------+--------+--------+--------+-----+--------+

Top non-repeatable levels by time:
     D:1: 1592 daAuts
 Abyss:1: 239 daAuts
     D:2: 153 daAuts
